Selects Australian Defense Battlegroup
Selects Australian Light Infantry Section
Australian Light Infantry Section
Construct Section Command Post
Construct Platoon Command Post
Selects 2-pounder Anti-tank Gun Team
2-pounder Anti-tank Gun Team
Construct Company Command Post
Selects CMP 15cwt Supply Run
Selects Vehicle Over Repair
Selects Reinforced Resource Caches
Selects Charged Creeping Barrage
Selects Reinforced Resource Caches
Selects Archer Tank Destroyer
Unlock M3 Grant Medium Tanks